 Dungeon Sprint DCSS version 0.27-a0-1416-g941b2bd30b (webtiles) character file.

Game seed: 16618828452232690367

2 tygod the Skirmisher (level 1, -4/19 HPs)
             Began as a Draconian Monk on July 1, 2021.
             Slain by a deep troll (13 damage)
             ... in the Dungeon (Sprint VII: "The Pits").
             The game lasted 00:00:11 (33 turns).

tygod the Skirmisher (Draconian Monk)                 Turns: 33, Time: 00:00:12

Health: -4/19      AC:  4    Str: 13    XL:     1   Next: 25%
Magic:  1/1        EV: 12    Int: 10    God:
Gold:   0          SH:  0    Dex: 13    Spells: 0/0 levels left

rFire    . . .     SeeInvis .   a - +0 mace
rCold    . . .     Faith    .   (no shield)
rNeg     . . .     Spirit   .   (armour unavailable)
rPois    .         Reflect  .   (helmet restricted)
rElec    .         Harm     .   (no cloak)
rCorr    .         Rampage  .   (no gloves)
Will     .....     NoTele   +   (no boots)
Stlth    ++........             (no amulet)
HPRegen  0.06/turn              (no ring)
MPRegen  0.07/turn              (no ring)

@: no status effects
A: AC +4, unfitting armour, cold-blooded
a: no special abilities


You were in the Dungeon.
You visited 1 branch

Inventory:

Hand Weapons
 a - a +0 mace (weapon)
Scrolls
 g - a scroll of blinking
Potions
 b - a potion of curing
 c - a potion of heal wounds
 d - a potion of haste
 e - 2 potions of magic
 f - a potion of berserk rage


   Skills:
 + Level 3.6 Fighting
 + Level 3.3 Maces & Flails
 + Level 3.0 Dodging
 + Level 1.8 Stealth


You couldn't memorise any spells.
You didn't know any spells.
Your spell library was empty.

Dungeon Overview and Level Annotations

Branches:
Dungeon (1/1)

Altars:


Innate Abilities, Weirdness & Mutations

Your plain brown scales are hard. (AC +4)
You cannot fit into any form of body armour.
You are cold-blooded and may be slowed by cold attacks.


Message History

Welcome, tygod the Draconian Monk.
Press ? for a list of commands and other information.
Found a staircase leading out of the dungeon.
You open the door.
There is an open door to the Entrance Hall (Safe) here.
You open the huge gate.
An orc comes into view. It is wielding a +0 whip.
The orc shouts!
You hear a shout! x2
An orc comes into view. It is wielding a +0 short sword.
An orc comes into view. It is wielding a +0 morningstar.
There is a huge open gate leading to the Armoury (Hard) here.
A deep troll comes into view.
There is a huge open gate here.
An orc wizard comes into view. It is wielding a +0 dagger.
The orc wizard shouts!
The orc wizard gestures wildly while chanting.
The orc wizard flickers and vanishes!
Deactivating autopickup; reactivate with Ctrl-A.
You hit the orc.
The orc is moderately wounded.
The orc hits you with a +0 whip. The orc misses you.
You hit the orc.
The orc is heavily wounded.
The orc barely misses you.
You hit the orc.
You kill the orc!
The orc closely misses you.
Your Dodging skill increases to level 3!
You hit the orc.
The orc is moderately wounded.
The orc completely misses you. The orc barely misses you.
You hit the orc. You tail-slap the orc.
You kill the orc!
The deep troll bites you! The deep troll claws you!
Ouch! That really hurt!
You die...

#######++##########
..............##..#
....#..#......##..#
..............''..#
..............''.)######
....#..#......##@T......
..............##.o......
#'#####++###############
.....# .....# .....#
.<...# .....# .....#


You could see a deep troll and an orc.

Vanquished Creatures
  2 orcs (D)
2 creatures vanquished.

Notes
Turn   | Place    | Note
-------+----------+-------------------------------------------
     0 | D        | tygod the Draconian Monk began the quest for the Orb.
     0 | D        | Reached XP level 1. HP: 19/19 MP: 1/1
    27 | D        | Noticed a deep troll
    28 | D        | Noticed an orc wizard
    33 | D        | Slain by a deep troll

Illustrated notes

Levels and vault maps discovered:
D:        pitsprint [storerooms_1, entrance_room_1, metal_vault_6, armoury_3,
          mini_pit_1, grid_room_1, main_hall_1, silver_pit, the_coven_1,
          the_vestibule_1, steel_vault_4, golden_pit, hallway_of_sentries,
          crystal_vault_4, iron_vault_2, final_vault]

Skill      XL: |  1 |
---------------+----+-----
Dodging        | 3 |  3.0
Fighting       | |  3.6
Maces & Flails | |  3.3
Stealth        | |  1.8

Action                   || total
-------------------------++-------
Melee: Mace              ||     5
       Tailslap          ||     1
Dodge: Dodged            ||     5

Table legend: (Time is in decaauts)
 A = Elapsed time spent in this place.
 B = Non-inter-level travel time spent in this place.
 C = Inter-level travel time spent in this place.
 D = Time resting spent in this place.
 E = Time spent auto-exploring this place.
 F = Levels seen in this place.
 G = Mean time per level.
                   A        B        C        D        E       F      G
               +--------+--------+--------+--------+--------+-----+--------+
         Total |     33 |     31 |      2 |      0 |      0 |   1 |   33.0 |
       Dungeon |     33 |     31 |      2 |      0 |      0 |   1 |   33.0 |
               +--------+--------+--------+--------+--------+-----+--------+

Top non-repeatable levels by time:
       D: 33 daAuts
